 Dungeon Crawl Stone Soup version 0.31-a0-1529-g7bd419a0e5 (webtiles) character file.

Game seed: 6575806992851551989

165 grandjackal the Trooper (level 5, -3/42 HPs)
             Began as a Mummy Fighter on Jan 1, 2024.
             Incinerated by a bombardier beetle (7 damage)
             ... with a burning spray
             ... on level 4 of the Dungeon.
             The game lasted 00:02:29 (2608 turns).

grandjackal the Trooper (Mummy Fighter)             Turns: 2608, Time: 00:02:30

Health: -3/42      AC: 11    Str: 21    XL:     5   Next: 22%
Magic:  5/5        EV:  7    Int: 13    God:
Gold:   151        SH:  4    Dex: 12    Spells: 4/4 levels left

rFire   x . .        a - +0 war axe
rCold   + . .        c - +0 buckler
rNeg    + + +        j - +0 chain mail
rPois   ∞            (no helmet)
rElec   .            n - +0 cloak
rCorr   .            (no gloves)
SInv    .            o - +0 pair of boots
Will    .....        (no amulet) Stlth
                     d - +6 ring of intelligence
HPRegen 0.27/turn    (no ring)
MPRegen 0.09/turn

%: faith
@: on fire, glowing
A: cold resistance 1, negative energy resistance 3, torment resistance 2, heat
vulnerability 1, in touch with death 1, no potions, faith
a: no special abilities


You were on level 4 of the Dungeon.
You visited 1 branch of the dungeon, and saw 4 of its levels.

You collected 248 gold pieces.
You spent 97 gold pieces at shops.

Inventory:

Hand Weapons
 a - a +0 war axe (weapon)
 h - a +0 morningstar
Missiles
 g - a throwing net (quivered)
Armour
 c - a +0 buckler (worn)
 j - a +0 chain mail (worn)
 m - the +0 toga "Victory" {*Victory Clar}
   (You found it on level 4 of the Dungeon)

   *Victory:  When the wearer kills a threatening monster, it has a chance to
   gain +1 AC, +1 Slay, and +1 Int, capping at +7.
   When the wearer uses a scroll or a potion with a hostile monster in sight,
   its bonuses reset to +0.
   Unequipping it also resets its bonuses to +0.
   Clar:      It protects you from confusion, rage, mesmerisation and fear.
 n - a +0 cloak (worn)
 o - a +0 pair of boots (worn)
Jewellery
 d - a +6 ring of intelligence (left hand)
 l - a ring of wizardry
Scrolls
 b - a scroll of blinking
 e - 4 scrolls of identify {unknown}
 f - a scroll of teleportation {unknown}
 i - 2 scrolls of fear {unknown}
 k - 3 scrolls of revelation {unknown}


   Skills:
 + Level 4.0 Fighting
 + Level 2.7 Axes
 - Level 3.0 Armour
 + Level 3.2 Shields


You had 4 spell levels left.
You didn't know any spells.
Your spell library contained the following spells:

 Spells                   Type           Power      Damage    Failure   Level
 Slow                     Hex            0%         N/A       95%         1
 Cigotuvi's Dreadful Rot  Necr/Alch/Air  0%         N/A       99%         2
 Confusing Touch          Hex            0%         N/A       100%        3
 Sigil of Binding         Hex            0%         N/A       100%        3
 Summon Ice Beast         Ice/Summ       0%         N/A       100%        3
 Vampiric Draining        Necr           0%         2d6       100%        3
 Animate Dead             Necr           0%         N/A       100%        4
 Ignite Poison            Fire/Alch      0%         N/A       100%        4
 Borgnjor's Vile Clutch   Necr/Erth      0%         N/A       100%        5
 Freezing Cloud           Conj/Ice/Air   0%         6-21      100%        5
 Summon Mana Viper        Hex/Summ       0%         N/A       100%        5
 Death Channel            Necr           0%         N/A       100%        6
 Monstrous Menagerie      Summ           0%         N/A       100%        7


Dungeon Overview and Level Annotations

Branches:
Dungeon (4/15)
 Temple: D:4-7

Altars:
Yredelemnul

Shops:
D:2 *   D:3 !


Innate Abilities, Weirdness & Mutations

You are immune to poison.
Your flesh is cold resistant. (rC+)
You are immune to negative energy. (rN+++)
You are immune to unholy pain and torment.
You are vulnerable to heat. (rF-)
You are in touch with the powers of death.
You do not drink.
You have a special connection with the divine. (Faith)


Message History

The endoplasm hits you but does no damage.
The bombardier beetle moves out of view.
You hit the endoplasm but do no damage. The endoplasm freezes you.
You are frozen.
You resist.
The endoplasm hits you but does no damage.
You slash the endoplasm!
You kill the endoplasm!
No target in view!
No target in view!
A bombardier beetle is nearby!
A bombardier beetle is nearby!
Found a stone staircase leading up.
The bombardier beetle sprays incendiary fluid at you.
The burning spray hits you.
You are covered in liquid fire!
You barely miss the bombardier beetle. The liquid fire burns you!
You block the bombardier beetle's attack.
You completely miss the bombardier beetle.
The liquid fire burns you! The bombardier beetle bites you.
You are too injured to fight recklessly!
You shake off some of the fire as you move.
The liquid fire burns you!
* * * LOW HITPOINT WARNING * * *
You shake off some of the fire as you move.
The liquid fire burns you!
* * * LOW HITPOINT WARNING * * *
A goblin comes into view. It is wielding a +0 club.
You shake off the liquid fire.
The goblin shouts!
The goblin unwields a +0 club.
The goblin wields a +0 sling.
The goblin shoots a sling bullet.
The sling bullet barely misses you.
The bombardier beetle sprays incendiary fluid at you.
The burning spray hits you.
You are covered in liquid fire!
You shake off some of the fire as you move.
The liquid fire burns you!
You die...

#.#.#####
#.......# .
####..####.# ..
#.....##.#
#..#.##.#...#
##
........#.#...#
####.#..#.B...#
..............#
##..>.@#....##
.....##.##....#
.g#.. ..# ##..#
#< .... ..#
##### #.# .#


You could see a bombardier beetle and a goblin.

Vanquished Creatures
  A hound (D:4)
  An iguana (D:3)
  3 adders
  3 dart slugs
  4 ribbon worms
  An orc (D:4)
  5 endoplasms
  4 giant cockroaches
  2 goblins (D:3)
  8 hobgoblins
  8 jackals
  6 ball pythons
  9 bats
  3 frilled lizards
  6 kobolds
  3 rats (D:1)
67 creatures vanquished.

Notes
Turn   | Place    | Note
-------+----------+-------------------------------------------
     0 | D:1      | grandjackal the Mummy Fighter began the quest for the Orb.
     0 | D:1      | Reached XP level 1. HP: 18/18 MP: 1/1
   327 | D:1      | Reached XP level 2. HP: 20/24 MP: 2/2
  1032 | D:2      | Found a faded altar of an unknown god.
  1122 | D:2      | Reached XP level 3. HP: 28/29 MP: 3/3
  1471 | D:2      | Found Ninn's General Store.
  1482 | D:2      | Bought a scroll of blinking for 97 gold pieces
  1658 | D:3      | Found a basalt altar of Yredelemnul.
  1670 | D:3      | Reached XP level 4. HP: 31/35 MP: 4/4
  2110 | D:3      | Found Hayfuvac's Distillery.
  2391 | D:4      | Found the +0 toga "Victory" {*Victory Clar}
  2534 | D:4      | Reached skill level 4 in Fighting
  2534 | D:4      | Reached XP level 5. HP: 41/42 MP: 5/5
  2608 | D:4      | Incinerated by a bombardier beetle

Illustrated notes

Levels and vault maps discovered:
D:1:      ldierk_walled_garden, layout_basic
D:2:      layout_rooms, nicolae_ecumenical_oubliette, serial_shops,
          nicolae_lakefront_shop
D:3:      layout_loops_ring, mainiacjoe_overflow_small_starburst, serial_shops,
          shop
D:4:      layout_basic, led_sif_pool, chequers_serial_rivers_small_a

Skill      XL: |  1  2  3  4 |
---------------+-------------+-----
Axes           | 2 |  2.7
Armour         | 3 |  3.0
Shields        | 3 |  3.2
Fighting       | 4 |  4.0

Action                     |  1- 3 |  4- 6 || total
---------------------------+-------+-------++-------
  Melee: War axe           |   116 |    64 ||   180
 Armour: Scale mail        |   109 |       ||   109
         Chain mail        |    15 |    50 ||    65
  Dodge: Dodged            |    73 |    18 ||    91
  Block: Buckler           |    29 |    16 ||    45

Table legend: (Time is in decaauts)
 A = Elapsed time spent in this place.
 B = Non-inter-level travel time spent in this place.
 C = Inter-level travel time spent in this place.
 D = Time resting spent in this place.
 E = Time spent auto-exploring this place.
 F = Levels seen in this place.
 G = Mean time per level.
                   A        B        C        D        E       F      G
               +--------+--------+--------+--------+--------+-----+--------+
         Total |   2684 |   2602 |     82 |     32 |   2038 |   4 |  671.0 |
       Dungeon |   2684 |   2602 |     82 |     32 |   2038 |   4 |  671.0 |
               +--------+--------+--------+--------+--------+-----+--------+

Top non-repeatable levels by time:
     D:1: 1068 daAuts
     D:3: 729 daAuts
     D:2: 629 daAuts
     D:4: 257 daAuts
